 Dungeon Crawl Stone Soup version 0.31-a0-121-g1e386dd289 (webtiles) character file.

Game seed: 10860235044800879496

29606 night the Covert (level 13, -15/72 HPs)
             Began as a Spriggan Hunter on May 31, 2023.
             Was a High Priest of Nemelex Xobeh.
             Killed from afar by a hellion (19 damage)
             ... with damnation
             ... summoned by the player character
             ... on level 3 of the Lair of Beasts.
             The game lasted 00:41:25 (17051 turns).

night the Covert (Spriggan Hunter)                 Turns: 17051, Time: 00:41:26

Health: -15/72     AC: 16    Str:  5    XL:     13   Next: 16%
Magic:  0/20       EV: 30    Int: 13    God:    Nemelex Xobeh [*****.]
Gold:   1522       SH:  0    Dex: 24    Spells: 12/12 levels left

rFire   . . .        t - +0 arbalest
rCold   . . .        (shield currently unavailable)
rNeg    . . .        W - +0 steam dragon scales
rPois   +            y - +0 hat {Int+3}
rElec   .            s - +2 cloak {rPois}
rCorr   .            (gloves unavailable)
SInv    +            (boots unavailable)
Will    ++...        N - amulet of guardian spirit
Stlth   ++++++       M - +4 ring of protection
HPRegen 0.32/turn    c - +4 ring of protection
MPRegen 0.17/turn

%: guardian spirit
@: studying Fighting, very quick
A: very small, no large weapons, unfitting armour, see invisible, speed 3, fangs
1, talons 1, poison resistance, weak 1
a: Renounce Religion, Draw Escape, Draw Destruction, Draw Summoning, Triple
Draw, Deal Four, Stack Five


You were on level 3 of the Lair of Beasts.
You worshipped Nemelex Xobeh.
Nemelex Xobeh was extremely pleased with you.
You visited 2 branches of the dungeon, and saw 15 of its levels.
You also visited: Bailey and Gauntlet.

You collected 1522 gold pieces.

Inventory:

Hand Weapons
 b - a +2 heavy sling
 t - a +0 arbalest (weapon)
 x - a +1 short sword of electrocution
Missiles
 d - 107 stones
 n - 7 curare-tipped darts
 p - 33 poisoned darts
 w - 6 boomerangs
 G - 4 throwing nets
Armour
 h - a +1 cloak
 s - a +2 cloak of poison resistance (worn)
 y - a +0 hat of intelligence (worn)
 B - a +0 robe of willpower
 J - +0 acid dragon scales
 W - +0 steam dragon scales (worn)
Jewellery
 c - a +4 ring of protection (right hand)
 D - a ring of flight
 L - a +6 ring of strength
 M - a +4 ring of protection (left hand)
 N - an amulet of guardian spirit (around neck)
 O - a ring of ice
 P - an amulet of guardian spirit
 R - an amulet of reflection
Wands
 E - a wand of charming (20)
 H - a wand of iceblast (7)
 I - a wand of flame (44)
 V - a wand of quicksilver (5)
Scrolls
 a - a scroll of magic mapping
 e - 5 scrolls of teleportation
 i - 2 scrolls of butterflies
 k - 2 scrolls of blinking
 m - 2 scrolls of enchant weapon
 o - a scroll of fog
 u - 3 scrolls of noise
 v - 4 scrolls of vulnerability
 C - a scroll of immolation
 F - 2 scrolls of fear
 U - 2 scrolls of identify
Potions
 f - a potion of brilliance
 g - 2 potions of invisibility
 j - 6 potions of heal wounds
 l - 4 potions of cancellation
 q - 2 potions of enlightenment
 r - a potion of resistance
 z - 3 potions of haste
 A - 2 potions of attraction
 K - 5 potions of curing
 S - a potion of might
 T - a potion of magic {unknown}
Miscellaneous
 Q - a box of beasts


   Skills:
 + Level 10.0 Fighting
 * Level 13.9 Ranged Weapons
 + Level 12.5 Dodging
 + Level 14.1 Stealth
 + Level 8.8 Invocations


You had 12 spell levels left.
You didn't know any spells.
Your spell library contained the following spells:

 Spells                   Type           Power      Damage    Failure   Level
 Beastly Appendage        Tmut           0%         N/A       30%         1
 Freeze                   Ice            0%         1d3       30%         1
 Lesser Beckoning         Tloc           0%         N/A       43%         2
 Poisonous Vapours        Pois/Air       0%         N/A       43%         2
 Static Discharge         Conj/Air       0%         2-2/arc   43%         2
 Wereblood                Tmut           0%         N/A       43%         2
 Frozen Ramparts          Ice            0%         1d1       67%         3
 Gell's Gravitas          Tloc           0%         N/A       67%         3
 Hailstorm                Conj/Ice       0%         3d3       67%         3
 Spider Form              Tmut/Pois      0%         N/A       67%         3
 Teleport Other           Tloc           0%         N/A       67%         3
 Animate Dead             Necr           0%         N/A       97%         4
 Borgnjor's Vile Clutch   Necr/Erth      0%         N/A       100%        5
 Death Channel            Necr           0%         N/A       100%        6
 Necromutation            Tmut/Necr      0%         N/A       100%        8


Dungeon Overview and Level Annotations

Branches:
Dungeon (11/15)            Temple (0/1) D:7            Lair (4/5) D:9
 Shoals (0/4) Lair:3        Snake (0/4) Lair:3       Bailey (visited)
Gauntlet (visited)
  Slime: Lair:4-5       Orc: D:9-12

Altars:
Ashenzari
Fedhas
Gozag
Nemelex Xobeh
Ru
Vehumet
Wu Jian
Xom
Zin
The Shining One

Shops:
D:6 [


Innate Abilities, Weirdness & Mutations

You are very small and have problems with some larger weapons.
You are too small for most types of armour.
You have supernaturally acute eyesight. (SInv)
You cover ground extremely quickly. (Speed+++)
You have very sharp teeth.
You have sharp toenails.
Your system is resistant to poisons. (rPois)
You are weak. (Str -2)


Message History

The black mamba attacks as you move away!
The black mamba completely misses you.
You feel sick.
The blink frog blinks!
You feel sick.
The black mamba attacks as you move away!
The black mamba bites you.
* * * LOW HITPOINT WARNING * * *
You feel sick.
The black mamba attacks as you move away!
The black mamba completely misses you.
You draw a card...
You have drawn the Pentagram.
You feel sick. The black mamba barely misses you.
The black mamba completely misses you.
You feel sick.
You are no longer poisoned.
The black mamba attacks as you move away!
The black mamba completely misses you.
Inor gestures.
Inor blinks!
The black mamba attacks as you move away!
The black mamba bites you.
* * * LOW HITPOINT WARNING * * *
You swap places.
The black mamba bites Inor.
Inor misses the black mamba.
The black mamba bites Inor!
Inor headbutts the black mamba.
The black mamba barely misses Inor.
The black mamba bites Inor.
Inor gestures.
Inor blinks!
What are your orders? t - Shout!
Orders for allies: a - Attack new target. r - Retreat! s - Stop attacking. g - Guard the area. f - Follow me.
Anything else - Cancel.
Gang up on whom?
Press: ? - help, Dir - move target, f - black mamba
Aim: a black mamba (almost dead, ally target) Attack!
The hellion gestures at you.
The sphere of damnation explodes!
The damnation engulfs you!!
You die...
Your body glows with a rainbow of weird colours and disappears.

###.## ##.##~~P.~P♣
#.#..# #..#~~.~....
##..## #P.#~~♣♣.♣♣~
##.# ##.#♣P♣...♣P
##..## #......>)..
##....# ###~P♣...♣P
#.....# #≈~♣♣.♣♣.
#...### #P~~.)P~~
#..@&# ##~.~.~P.
##..## ####.### ##.##
#..## #...# ##..#
##2## ##### #..# #FS.#
##...# ####.##
#..####....## #....#
##.##.#.....#####...##
#.Y..FY.....#§.#...##


You could see a black mamba (ally target), a hellion (summoned), a blink frog
and the friendly Inor (summoned).

Vanquished Creatures
  Harold (D:9)
  3 two-headed ogres
  A death yak (D:9)
  A wizard (D:10)
  An orc knight (Bailey)
  Pikel (D:8)
  2 statues (D:11)
  A moth of wrath (Gauntlet)
  3 merfolk sirens (Lair:3)
  Maurice (D:9)
  10 elephants
  Joseph (D:8)
  3 black mambas
  4 cane toads
  A torpor snail (Lair:3)
  Maggie (D:9)
  4 komodo dragons
  An ice devil (Gauntlet)
  A merfolk (Lair:3)
  A troll (D:9)
  12 blink frogs
  2 vampires
  2 wraiths (D:11)
  29 yaks
  5 wyverns
  A basilisk (D:9)
  2 steam dragons
  8 vampire mosquitoes
  2 nagas (Lair:3)
  2 acid dragons
  3 water moccasins
  Duvessa (D:6)
  13 orc warriors
  2 sky beasts (D:7)
  4 ice beasts
  3 black bears
  4 centaurs
  6 wolves (Gauntlet)
  A lemure (D:8)
  3 kobold brigands
  6 bullfrogs
  5 scorpions
  A gnoll sergeant (D:11)
  Dowan (D:6)
  8 killer bees
  2 electric eels (D:11)
  2 orc priests
  2 gnoll boudas (D:4)
  A sleepcap (D:6)
  Ijyb (D:4)
  Crazy Yiuf (D:2)
  2 iguanas (D:6)
  7 orc wizards
  18 gnolls
  9 adders
  2 shadow imps (D:8)
  5 white imps
  A worm (D:3)
  4 dart slugs
  33 orcs
  5 endoplasms
  2 giant cockroaches
  4 goblins
  7 hobgoblins
  3 jackals (D:2)
  16 kobolds
  3 quokkas
  4 ball pythons
  3 frilled lizards
  6 rats
  2 butterflies (Lair:2)
313 creatures vanquished.

Notes
Turn   | Place    | Note
-------+----------+-------------------------------------------
     0 | D:1      | night the Spriggan Hunter began the quest for the Orb.
     0 | D:1      | Reached XP level 1. HP: 10/10 MP: 2/2
   192 | D:1      | Reached skill level 2 in Stealth
   210 | D:1      | Reached XP level 2. HP: 15/15 MP: 3/3
  1031 | D:2      | HP: 1/15 [adder (2)]
  1037 | D:2      | Reached XP level 3. HP: 2/18 MP: 4/4
  1300 | D:2      | Reached skill level 2 in Fighting
  1424 | D:2      | Reached skill level 3 in Stealth
  1462 | D:2      | Found a runed translucent door.
  1463 | D:2      | Noticed Crazy Yiuf
  1468 | D:2      | Killed Crazy Yiuf
  1469 | D:2      | Reached XP level 4. HP: 23/23 MP: 5/5
  1588 | D:3      | Noticed Ijyb
  1705 | D:4      | Noticed a bullfrog
  1708 | D:4      | Killed Ijyb
  1709 | D:4      | Reached skill level 5 in Ranged Weapons
  1715 | D:4      | Killed a bullfrog
  1716 | D:4      | Reached skill level 4 in Stealth
  1716 | D:4      | Reached XP level 5. HP: 8/27 MP: 6/6
  2700 | D:4      | Reached XP level 6. HP: 32/32 MP: 7/7
  2709 | D:4      | Found a sparkling altar of Nemelex Xobeh.
  2730 | D:4      | Became a worshipper of Nemelex Xobeh the Trickster
  2975 | D:4      | Reached skill level 5 in Stealth
  2975 | D:4      | Reached skill level 1 in Invocations
  3381 | D:5      | Entered Level 5 of the Dungeon
  3440 | D:5      | Reached XP level 7. HP: 36/36 MP: 8/8
  3462 | D:5      | Reached skill level 5 in Dodging
  3639 | D:5      | Found a sacrificial altar of Ru.
  3951 | D:5      | Reached skill level 2 in Invocations
  4349 | D:6      | Noticed a wyvern
  4358 | D:6      | Killed a wyvern
  4359 | D:6      | Reached skill level 6 in Stealth
  4482 | D:6      | Reached XP level 8. HP: 40/40 MP: 10/10
  4706 | D:6      | Noticed Duvessa
  4708 | D:6      | Noticed Dowan
  4715 | D:6      | Killed Duvessa
  4719 | D:6      | Killed Dowan
  4729 | D:6      | Found Vahetheac's Antique Armour Shoppe.
  4896 | D:6      | Reached * piety under Nemelex Xobeh
  5384 | D:6      | HP: 6/42 [poisoned by a killer bee]
  5389 | D:6      | HP: 5/42 [poisoned by a killer bee]
  5392 | D:6      | HP: 2/42 [poisoned by a killer bee]
  5397 | D:6      | Gained mutation: You are clumsy. (Dex -2) [potion of
                  | mutation]
  5397 | D:6      | Gained mutation: Your mind is acute. (Int +4, Str/Dex -1)
                  | [potion of mutation]
  5398 | D:6      | Lost mutation: You are clumsy. (Dex -2) [potion of
                  | mutation]
  5398 | D:6      | Lost mutation: Your mind is acute. (Int +4, Str/Dex -1)
                  | [potion of mutation]
  5398 | D:6      | Gained mutation: You occasionally lose the ability to read
                  | scrolls when taking damage. [potion of mutation]
  5398 | D:6      | Gained mutation: Your system is resistant to poisons.
                  | (rPois) [potion of mutation]
  5398 | D:6      | Gained mutation: You occasionally lose the ability to drink
                  | potions when taking damage. [potion of mutation]
  5398 | D:6      | Gained mutation: You have sharp toenails. [potion of
                  | mutation]
  5632 | D:7      | Found a staircase to the Ecumenical Temple.
  5651 | D:7      | Reached skill level 7 in Stealth
  5794 | D:7      | Lost mutation: You occasionally lose the ability to drink
                  | potions when taking damage. [potion of mutation]
  5794 | D:7      | Lost mutation: You occasionally lose the ability to read
                  | scrolls when taking damage. [potion of mutation]
  5794 | D:7      | Gained mutation: You are weak. (Str -2) [potion of
                  | mutation]
  5794 | D:7      | Gained mutation: You have very sharp teeth. [potion of
                  | mutation]
  5889 | D:7      | Noticed a two-headed ogre
  5922 | D:7      | Killed a two-headed ogre
  5923 | D:7      | Reached skill level 8 in Stealth
  5923 | D:7      | Reached XP level 9. HP: 46/46 MP: 11/13
  6212 | D:7      | Received a gift from Nemelex Xobeh
  6479 | D:8      | Identified the orb of Axeez {*Rage, Stlth+}
  6532 | D:7      | Reached skill level 5 in Fighting
  6544 | D:8      | Reached skill level 9 in Stealth
  6723 | D:8      | Reached ** piety under Nemelex Xobeh
  6788 | D:8      | Noticed Joseph
  6793 | D:8      | Killed Joseph
  6794 | D:8      | Reached skill level 5 in Invocations
  6794 | D:8      | Reached XP level 10. HP: 39/51 MP: 14/14
  7120 | D:8      | Found a shimmering altar of Xom.
  7123 | D:8      | Found a radiant altar of Vehumet.
  7125 | D:8      | Found a glowing silver altar of Zin.
  7201 | D:8      | Found a flagged portal.
  7210 | Bailey   | Entered a bailey
  7624 | Bailey   | Received a gift from Nemelex Xobeh
  7677 | Bailey   | Reached skill level 10 in Ranged Weapons
  7968 | Bailey   | Noticed an orc knight
  8034 | Bailey   | Killed an orc knight
  8035 | Bailey   | Reached skill level 10 in Stealth
  8112 | D:8      | Acquired 514 gold pieces
  8259 | D:8      | Found an opulent altar of Gozag.
  8380 | D:8      | You fall into a shaft and drop 2 floors!
  8380 | D:10     | Entered Level 10 of the Dungeon
  8484 | D:10     | Found a blossoming altar of Fedhas.
  8501 | D:9      | Found a broken altar of Ashenzari.
  8777 | D:9      | Noticed Harold
  8792 | D:9      | Killed Harold
  9015 | D:9      | Reached XP level 11. HP: 58/58 MP: 16/16
  9231 | D:9      | Noticed Maggie
  9241 | D:9      | Killed Maggie
  9242 | D:9      | Reached skill level 11 in Stealth
  9263 | D:9      | Found an ornate altar of the Wu Jian Council.
  9319 | D:9      | Found a transporter.
  9378 | D:9      | Noticed Maurice
  9410 | D:9      | Killed Maurice
  9494 | D:9      | Found a glowing golden altar of the Shining One.
  9522 | D:9      | Found a transporter.
  9901 | D:8      | Noticed Pikel
  9911 | D:8      | Killed Pikel
  9912 | D:8      | Reached skill level 10 in Dodging
 10094 | D:9      | Reached *** piety under Nemelex Xobeh
 10099 | D:9      | Noticed a death yak
 10120 | D:9      | Killed a death yak
 10304 | D:9      | Received a gift from Nemelex Xobeh
 10354 | D:9      | Found a staircase to the Lair.
 10689 | D:10     | Noticed a wizard
 11016 | D:10     | Killed a wizard
 11231 | D:10     | Noticed a two-headed ogre
 11235 | D:10     | Noticed a two-headed ogre
 11275 | D:10     | Killed a two-headed ogre
 11337 | D:10     | Killed a two-headed ogre
 11338 | D:10     | Reached skill level 12 in Ranged Weapons
 11338 | D:10     | Reached skill level 12 in Stealth
 11622 | D:11     | Found a gate leading to a gauntlet.
 11639 | Gauntlet | Entered a Gauntlet
 11639 | Gauntlet | Reached **** piety under Nemelex Xobeh
 11639 | Gauntlet | Found a transporter.
 11648 | Gauntlet | Found a transporter.
 11651 | Gauntlet | Found a transporter.
 11652 | Gauntlet | Found a transporter.
 11659 | Gauntlet | Found a runed translucent door.
 11662 | Gauntlet | Found a transporter.
 11663 | Gauntlet | Found a transporter.
 11664 | Gauntlet | Found a transporter.
 11665 | Gauntlet | Noticed a minotaur
 11672 | Gauntlet | Noticed a catoblepas
 11674 | Gauntlet | Found a transporter.
 11676 | Gauntlet | Found a transporter.
 11677 | Gauntlet | Found a transporter.
 11685 | Gauntlet | Found a transporter.
 11688 | Gauntlet | Found a transporter.
 11689 | Gauntlet | Found a transporter.
 11691 | Gauntlet | Noticed a thrashing horror
 11693 | Gauntlet | Found a runed translucent door.
 11695 | Gauntlet | Found a runed translucent door.
 11697 | Gauntlet | Found a transporter.
 12084 | Gauntlet | Received a gift from Nemelex Xobeh
 12089 | Gauntlet | HP: 5/60 [minotaur/+2 great mace of distortion (19)]
 12089 | Gauntlet | HP: 1/60 [minotaur/+2 great mace of distortion (4)]
 12130 | Gauntlet | Got the Handbook of Magnificence
 12133 | Gauntlet | Identified the +1 ring mail "Qaageu" {Slay+3}
 12340 | D:11     | Reached XP level 12. HP: 57/65 MP: 15/18
 13404 | Lair:1   | Entered Level 1 of the Lair of Beasts
 13507 | Lair:1   | Received a gift from Nemelex Xobeh
 13580 | Lair:1   | Reached ***** piety under Nemelex Xobeh
 14114 | Lair:1   | Reached skill level 13 in Stealth
 14600 | Lair:2   | Received a gift from Nemelex Xobeh
 15247 | Lair:2   | Received a gift from Nemelex Xobeh
 15768 | Lair:3   | Reached skill level 12 in Dodging
 15791 | Lair:3   | Found a staircase to the Shoals.
 16230 | Lair:3   | Found a staircase to the Snake Pit.
 16488 | Lair:3   | Reached XP level 13. HP: 72/72 MP: 20/20
 16609 | Lair:3   | Reached skill level 14 in Stealth
 16734 | Lair:3   | Reached skill level 10 in Fighting
 16794 | Lair:3   | Received a gift from Nemelex Xobeh
 17033 | Lair:3   | HP: 10/72 [poisoned by a black mamba]
 17038 | Lair:3   | HP: 7/72 [poisoned by a black mamba]
 17043 | Lair:3   | HP: 3/72 [poisoned by a black mamba]
 17051 | Lair:3   | Killed from afar by a hellion

Illustrated notes

Levels and vault maps discovered:
D:1:      roderic_crop_circles_arrival_small, layout_basic, nrook_campfire,
          hangedman_decor_growths, minmay_tetromino_s2
D:2:      layout_basic, uniq_crazy_yiuf_cottage
D:3:      layout_basic, minmay_hedge_maze, uniq_ijyb
D:4:      layout_loops_ring, mainiacjoe_overflow_tiny_flanked
D:5:      layout_loops_ring, amcnicky_altar_gilded, serial_aquarium,
          aquarium_bridge_square [aquarium_subvault_balcony,
          aquarium_subvault_bridge, aquarium_subvault_bridge,
          aquarium_subvault_balcony], aquarium_window_2, aquarium_window_1,
          aquarium_window_corner, aquarium_window_1, aquarium_view_2f,
          aquarium_view_2f, aquarium_balcony_3a
D:6:      layout_loops_corners, serial_shops, shop, nicolae_the_louvre,
          uniq_duvessa
D:7:      layout_basic, minmay_temple_entry_mist
D:8:      layout_layer_cave, general_overflow_altar, grunt_temple_overflow_open,
          enter_bailey_2, uniq_pikel, uniq_joseph
D:9:      minmay_general_purpose_star, layout_irregular_city,
          mainiacjoe_overflow_cross_hatched, mainiacjoe_overflow_boulevard,
          tso_altar, david_lair_generic, nicolae_diode_stairs, uniq_maggie,
          uniq_harold, uniq_maurice
D:10:     minmay_spotlight, layout_stronghold, fedhas_altar_1
D:11:     layout_cave_pools, gauntlet_entry_generic, nrook_mini_backslash,
          chequers_big_river, minmay_dual_archer_statues
Lair:1:   layout_cave_pods
Lair:2:   layout_hall_layers, serial_bayou_shore_a, infiniplex_staircase_pool,
          lemuel_fruit_fields
Lair:3:   layout_misc_corridors, elwin_shoals_entry_stream,
          guppyfry_snake_entry_garden
Lair:4:   regret_index_bee_streams, layout_misc_corridors,
          dpeg_slime_entry_corner, grunt_megastairs_2

Skill      XL: |  1  2  3  4  5  6  7  8  9 10 11 12 13 |
---------------+----------------------------------------+-----
Stealth        | 2 3 4 5 6 8 9 10 12 13 14 | 14.1
Dodging        | 3 4 5 7 8 9 11 12 | 12.5
Fighting       | 2 3 4 5 6 8 9 10 | 10.0
Ranged Weapons | 5 6 7 8 9 10 12 13 | 13.9
Invocations    | 1 2 4 5 6 7 8 |  8.8

Action                     |  1- 3 |  4- 6 |  7- 9 | 10-12 | 13-15 || total
---------------------------+-------+-------+-------+-------+-------++-------
  Melee: Arbalest          |       |       |       |     4 |       ||     4
         Kick              |       |       |       |     3 |       ||     3
   Fire: Shortbow          |    69 |    58 |    17 |    13 |       ||   157
         Sling             |    15 |    58 |   252 |    33 |       ||   358
         Arbalest          |       |       |       |   749 |    68 ||   817
 Invoke: Draw Summoning    |       |       |       |     1 |     1 ||     2
         Draw Escape       |       |       |       |     1 |       ||     1
         Draw Destruction  |       |       |       |       |     1 ||     1
  Evoke: Wand              |       |       |       |     1 |       ||     1
    Use: Potion            |     1 |       |     7 |     1 |       ||     9
         Scroll            |       |       |    15 |    10 |       ||    25
 Armour: Robe              |     2 |     3 |    18 |    14 |       ||    37
         Acid dragon scale |       |       |       |   121 |     8 ||   129
         Steam dragon scal |       |       |       |       |     5 ||     5
  Dodge: Dodged            |    25 |    40 |   205 |   700 |    78 ||  1048

Table legend: (Time is in decaauts)
 A = Elapsed time spent in this place.
 B = Non-inter-level travel time spent in this place.
 C = Inter-level travel time spent in this place.
 D = Time resting spent in this place.
 E = Time spent auto-exploring this place.
 F = Levels seen in this place.
 G = Mean time per level.
                   A        B        C        D        E       F      G
               +--------+--------+--------+--------+--------+-----+--------+
         Total |  13061 |  12610 |    451 |   1780 |   7534 |  17 |  768.3 |
       Dungeon |   9024 |   8678 |    346 |    968 |   5830 |  11 |  820.4 |
          Lair |   2741 |   2637 |    104 |    467 |   1509 |   4 |  685.2 |
        Bailey |    871 |    871 |      0 |    184 |    131 |   1 |  871.0 |
      Gauntlet |    424 |    424 |      0 |    161 |     63 |   1 |  424.0 |
               +--------+--------+--------+--------+--------+-----+--------+

Top non-repeatable levels by time:
     D:9: 1189 daAuts
     D:8: 1170 daAuts
    D:11: 1056 daAuts
  Lair:3: 973 daAuts
    D:10: 921 daAuts
     D:6: 888 daAuts
  Lair:1: 884 daAuts
  Bailey: 871 daAuts
  Lair:2: 859 daAuts
     D:4: 790 daAuts
     D:7: 727 daAuts
     D:5: 709 daAuts
     D:1: 585 daAuts
     D:3: 547 daAuts
     D:2: 438 daAuts
